 Dungeon Crawl Stone Soup version 0.29-a0-613-gf2c431b9b9 (webtiles) character file.

Game seed: 15901776220658563843

225 DocClef the Ruffian (level 5, 0/47 HPs)
             Began as a Draconian Transmuter on June 17, 2022.
             Succumbed to a scorpion's poison
             ... on level 4 of the Dungeon.
             The game lasted 00:04:51 (4208 turns).

DocClef the Ruffian (Draconian Transmuter)          Turns: 4208, Time: 00:04:52

Health: 0/47       AC:  7    Str: 15    XL:     5   Next: 68%
Magic:  8/8        EV: 12    Int: 13    God:
Gold:   92         SH:  0    Dex: 11    Spells: 7/8 levels left

rFire   . . .      SeeInvis .     - Unarmed
rCold   . . .      Faith    .   (no shield)
rNeg    . . .      Spirit   .   (body armour unavailable)
rPois   .          Reflect  .   p - +2 hat
rElec   .          Harm     .   (no cloak)
rCorr   .          Rampage  .   (no gloves)
Will    .....                   (no boots)
Stlth   +.........              (no amulet)
HPRegen 0.15/turn               (no ring)
MPRegen 0.11/turn               (no ring)

@: lethally poisoned (0 -> -7)
A: AC +5, unfitting armour, cold-blooded
a: no special abilities


You were on level 4 of the Dungeon.
You visited 1 branch of the dungeon, and saw 4 of its levels.

You collected 92 gold pieces.

Inventory:

Armour
 p - a +2 hat (worn)
Wands
 q - a wand of mindburst (14)
Scrolls
 b - a scroll of magic mapping
 d - 2 scrolls of identify
 e - a scroll of immolation
 f - a scroll of enchant armour
 h - a scroll of torment
 j - a scroll of teleportation
Potions
 a - 2 potions of lignification
 c - 2 potions of haste
 g - a potion of degeneration
 k - a potion of flight
 l - a potion of curing
 o - a potion of heal wounds
 r - a potion of ambrosia


   Skills:
 + Level 4.4 Fighting
 - Level 1.7 Dodging
 - Level 5.0 Unarmed Combat
 - Level 2.0 Spellcasting
 - Level 2.0 Transmutations


You had 7 spell levels left.
You knew the following spells:

 Your Spells              Type           Power      Damage    Failure   Level
a - Beastly Appendage     Tmut           12%        N/A       11%         1

Your spell library contained the following spells:

 Spells                   Type           Power      Damage    Failure   Level
 Wereblood                Tmut           6%         N/A       17%         2
 Magic Dart               Conj           4%         1d3       26%         1
 Searing Ray              Conj           2%         2d4       36%         2
 Spider Form              Tmut/Pois      3%         N/A       45%         3
 Gell's Gravitas          Tloc           1%         N/A       58%         3
 Lesser Beckoning         Tloc           1%         N/A       58%         3
 Ozocubu's Armour         Ice            1%         N/A       58%         3
 Teleport Other           Tloc           1%         N/A       58%         3
 Ice Form                 Ice/Tmut       3%         N/A       86%         4
 Fulminant Prism          Conj/Hex       0%         3d6       94%         4
 Ozocubu's Refrigeration  Ice            0%         4d5       100%        7


Dungeon Overview and Level Annotations

Branches:
Dungeon (4/15)
 Temple: D:4-7

Altars:


Innate Abilities, Weirdness & Mutations

Your plain brown scales are hard. (AC +5)
You cannot fit into any form of body armour.
You are cold-blooded and may be slowed by cold attacks.


Message History

The scorpion barely misses you.
You closely miss the scorpion.
The scorpion is heavily wounded.
The scorpion stings you.
You are poisoned.
The scorpion poisons you! The goblin closely misses you.
You are too injured to fight recklessly!
You hit the scorpion.
You tail-slap the scorpion, but do no damage.
The scorpion is severely wounded.
You feel very sick. The scorpion stings you.
You are more poisoned.
The scorpion poisons you! The goblin hits you with a +0 club.
You hit the scorpion.
Your tail-slap misses the scorpion.
The scorpion is almost dead.
You feel very sick.
The scorpion stings you but does no damage.
The goblin barely misses you.
You barely miss the scorpion.
The scorpion is almost dead.
* * * LOW HITPOINT WARNING * * *
You feel very sick. The scorpion misses you. The goblin misses you.
You closely miss the scorpion.
The scorpion is almost dead.
* * * LOW HITPOINT WARNING * * *
You feel very sick.
The scorpion stings you but does no damage.
The scorpion completely misses you. The goblin hits you with a +0 club.
* * * LOW HITPOINT WARNING * * *
You barely miss the scorpion.
The scorpion is almost dead.
* * * LOW HITPOINT WARNING * * *
You feel sick. The scorpion stings you.
* * * LOW HITPOINT WARNING * * *
Unknown command.
You barely miss the scorpion.
The scorpion is almost dead.
You die...

,********,,*** *,,,,,**
***,,,,*,,,.,* *#..#***
*,,,,*,**#.* *...* *,,,,*,*
*.##* *#..** *,,,,*,*
*,..###..,#
*,,,,,,####*.....#.#
*,,,,,,.....#......#
*>,,,,*#......g$.#####*
*,,,,,*......s@.......**
****,,*.....$$....###.,** ##
**,,...........# **,,* .##
**,,*#.........##****,*
..##*,,**##(..#...##**,,,,*
....,,****######### *,,****
....,,,,,,,,,,,******,**
####***,*,,,,*,,,,,,,,,*
*******,,,,,,,*****,**,********


You could see a scorpion and a goblin.

Vanquished Creatures
  A vampire bat (D:3)
  2 adders
  2 worms (D:2)
  3 fire bats (D:3)
  An orc (D:3)
  2 spectral bats (D:3)
  A bat simulacrum (D:3)
  3 bat skeletons (D:3)
  A bat zombie (D:3)
  6 endoplasms
  A giant cockroach (D:2)
  7 goblins
  4 hobgoblins
  10 jackals (D:1)
  3 quokkas
  6 ball pythons
  17 bats
  7 frilled lizards
  10 kobolds
  5 rats
92 creatures vanquished.

Notes
Turn   | Place    | Note
-------+----------+-------------------------------------------
     0 | D:1      | DocClef the Draconian Transmuter began the quest for the
                  | Orb.
     0 | D:1      | Reached XP level 1. HP: 16/16 MP: 3/3
   289 | D:1      | Reached XP level 2. HP: 20/23 MP: 3/5
   316 | D:1      | Reached skill level 4 in Unarmed Combat
   695 | D:1      | Reached XP level 3. HP: 28/28 MP: 6/6
  1825 | D:2      | Reached XP level 4. HP: 35/35 MP: 7/7
  2076 | D:2      | Reached skill level 5 in Unarmed Combat
  2318 | D:2      | Found a faded altar of an unknown god.
  3560 | D:3      | Reached XP level 5. HP: 25/45 MP: 8/8
  4207 | D:4      | HP: 2/47 [scorpion (3)]
  4208 | D:4      | Succumbed to a scorpion's poison

Illustrated notes

Levels and vault maps discovered:
D:1:      lightli_arrival_lavapool, layout_rooms
D:2:      minmay_chambers_of_ones, layout_basic,
          hellmonk_ecumenical_altar_zigzags, hangedman_decor_opposing
D:3:      layout_loops_corners, chequers_serial_rivers_micro_e, goddamned_bats
D:4:      layout_rooms, ebering_ghost_disaster_area, uniq_natasha, uniq_pikel

Skill      XL: |  1  2  3  4  5 |
---------------+----------------+-----
Unarmed Combat | 4 5 |  5.0
Fighting       | 3 4 |  4.4
Dodging        | |  1.7
Spellcasting   | |  2.0
Transmutations | |  2.0

Action                   |  1- 3 |  4- 6 || total
-------------------------+-------+-------++-------
Melee: Unarmed           |   166 |   130 ||   296
       Kick              |     4 |     3 ||     7
       Tailslap          |    15 |     9 ||    24
       Punch             |     5 |     2 ||     7
       Headbutt          |     2 |     3 ||     5
 Cast: Beastly Appendage |     2 |     2 ||     4
  Use: Scroll            |       |    14 ||    14
 Stab: Sleeping          |     1 |       ||     1
Armor: Skin              |    58 |    96 ||   154
Dodge: Dodged            |   138 |   168 ||   306

Table legend: (Time is in decaauts)
 A = Elapsed time spent in this place.
 B = Non-inter-level travel time spent in this place.
 C = Inter-level travel time spent in this place.
 D = Time resting spent in this place.
 E = Time spent auto-exploring this place.
 F = Levels seen in this place.
 G = Mean time per level.
                   A        B        C        D        E       F      G
               +--------+--------+--------+--------+--------+-----+--------+
         Total |   4182 |   4083 |     99 |    531 |   2946 |   4 | 1045.5 |
       Dungeon |   4182 |   4083 |     99 |    531 |   2946 |   4 | 1045.5 |
               +--------+--------+--------+--------+--------+-----+--------+

Top non-repeatable levels by time:
     D:2: 1515 daAuts
     D:1: 1316 daAuts
     D:3: 1199 daAuts
     D:4: 151 daAuts
